 Dungeon Crawl Stone Soup version 0.22-a0-377-g846bec1 (webtiles) character file.

217 puppykicker the Cudgeler (level 5, -1/41 HPs)
             Began as a Minotaur Arcane Marksman on Apr 28, 2018.
             Slain by a hound (3 damage)
             ... on level 2 of the Dungeon.
             The game lasted 00:04:54 (1911 turns).

puppykicker the Cudgeler (Minotaur Arcane Marksman) Turns: 1911, Time: 00:04:54

Health: -1/41      AC:  5    Str: 14    XL:     5   Next: 62%
Magic:  2/5        EV: 11    Int: 11    God:
Gold:   43         SH:  0    Dex: 11    Spells: 3/6 levels left

rFire    . . .     SeeInvis .   a - +0 flail (curse)
rCold    + . .     Gourm    .   (no shield)
rNeg     . . .     Faith    .   e - +0 ring mail
rPois    .         Spirit   .   (helmet restricted)
rElec    .         Reflect  .   (no cloak)
rCorr    .         Harm     .   (no gloves)
MR       .....                  (no boots)
Stlth    +.........             (no amulet)
HPRegen  0.13/turn              j - ring of protection from cold
MPRegen  0.09/turn              (no ring)

@: very slightly contaminated
A: retaliatory headbutt, horns 2
a: no special abilities


You were on level 2 of the Dungeon.
You were not hungry.

You visited 1 branch of the dungeon, and saw 2 of its levels.

You collected 43 gold pieces.


Innate Abilities, Weirdness & Mutations

You reflexively headbutt those who attack you in melee.
You have a pair of horns on your head.


   Skills:
 - Level 2.0 Fighting
 + Level 5.4 Maces & Flails
 - Level 2.9 Bows
 - Level 1.3 Armour
 - Level 2.6 Dodging
 - Level 1.0 Spellcasting
 - Level 2.0 Hexes


You had 3 spell levels left.
You knew the following spells:

 Your Spells              Type           Power        Failure   Level  Hunger
a - Corona                Hex            #......      28%         1    ##.....
b - Slow                  Hex            #.......     41%         2    ###....

Inventory:

Hand Weapons
 a - a cursed +0 flail (weapon)
 b - a +0 shortbow
Missiles
 d - 38 arrows
Armour
 e - a +0 ring mail (worn)
Jewellery
 j - a ring of protection from cold (left hand)
Wands
 l - a wand of random effects (35)
Scrolls
 h - a scroll of fear
 i - a scroll of enchant weapon
 k - a scroll of teleportation
Potions
 c - a potion of brilliance {unknown}
 m - a potion of curing {unknown}
Comestibles
 f - 2 rations
 g - a chunk of flesh {@w1}

Dungeon Overview and Level Annotations

Branches:
Dungeon (2/15)

Altars:
Xom

....?.. ..........#...#
.......##..........###.#
...................÷....
######.†..########.###.#
#.†..# #.....#
#....########.....#
#.g..............[#
##h##.............# #@#
.........###.# #.#
########.# #.# #.# #.#
#.# #.# #.# #..
#.##########.# #
#............#
##################
#...... ######......


You could see a hound and a hobgoblin.


Message History

You feel sick.
You are no longer poisoned.
The hound misses you. The hound closely misses you.
You hit the hound.
The hound is lightly wounded.
The hound bites you but does no damage. The hound barely misses you.
Unknown command.
You hit the hound but do no damage.
The hound is lightly wounded.
The hound bites you.
* * * LOW HITPOINT WARNING * * *
You hit the hound.
The hound is moderately wounded.
The hound barely misses you. The hound bites you.
* * * LOW HITPOINT WARNING * * *
You hit the hound.
The hound is heavily wounded.
The hound barely misses you. x2
Unknown command.
You hit the hound.
The hound is heavily wounded.
The hound bites you.
* * * LOW HITPOINT WARNING * * *
Unknown command.
You barely miss the hound.
The hound is heavily wounded.
The hound bites you.
* * * LOW HITPOINT WARNING * * *
The hound bites you.
You die...

Action                   |  1- 3 |  4- 6 || total
-------------------------+-------+-------++-------
Melee: Club              |    45 |       ||    45
       Headbutt          |     7 |     8 ||    15
       Flail             |    15 |    67 ||    82
 Fire: Shortbow          |     7 |       ||     7
 Cast: Corona            |     4 |     7 ||    11
  Use: Scroll            |     5 |       ||     5
  Eat: Chunk             |     1 |     3 ||     4
Armor: Robe              |    10 |       ||    10
       Ring mail         |     7 |    26 ||    33
Dodge: Dodged            |    58 |    42 ||   100

Vault maps used:
D:1:      lemuel_arrival_hallway
D:2:      lemuel_zombie_altar_kikubaaqudgha, xom_redecorated, uniq_natasha,
          uniq_jessica, uniq_robin

Notes
Turn   | Place    | Note
-------+----------+-------------------------------------------
     0 | D:1      | puppykicker the Minotaur Arcane Marksman began the quest for the Orb.
     0 | D:1      | Reached XP level 1. HP: 16/16 MP: 1/1
   131 | D:1      | Reached XP level 2. HP: 19/24 MP: 2/2
   209 | D:1      | Reached skill level 1 in Armour
   442 | D:1      | Reached skill level 2 in Fighting
   447 | D:1      | Reached XP level 3. HP: 21/29 MP: 0/3
  1038 | D:1      | Learned a level 2 spell: Slow
  1108 | D:2      | Reached skill level 1 in Maces & Flails
  1129 | D:2      | Found a shimmering altar of Xom.
  1136 | D:2      | Found a shimmering altar of Xom.
  1152 | D:2      | Noticed Jessica
  1169 | D:2      | Reached skill level 2 in Maces & Flails
  1169 | D:2      | Reached XP level 4. HP: 21/36 MP: 2/4
  1189 | D:2      | Killed Jessica
  1189 | D:2      | Reached skill level 3 in Maces & Flails
  1433 | D:2      | Found a shimmering altar of Xom.
  1433 | D:2      | Found a shimmering altar of Xom.
  1650 | D:2      | Noticed Natasha
  1651 | D:2      | Reached skill level 4 in Maces & Flails
  1655 | D:2      | Killed Natasha
  1655 | D:2      | Reached XP level 5. HP: 41/41 MP: 5/5
  1739 | D:2      | Noticed Natasha
  1749 | D:2      | Killed Natasha
  1852 | D:2      | Reached skill level 5 in Maces & Flails
  1877 | D:2      | Noticed Natasha
  1882 | D:2      | Killed Natasha
  1911 | D:2      | HP: 2/41 [hound (5)]
  1911 | D:2      | Slain by a hound

Vanquished Creatures
  Jessica (D:2)
  Natasha (thrice) (D:2)
  An orc wizard (D:2)
  4 adders (D:2)
  A worm (D:2)
  3 dart slugs (D:1)
  4 leopard geckos
  3 orcs (D:2)
  2 giant cockroaches (D:2)
  5 goblins (D:1)
  3 hobgoblins
  3 jackals (D:1)
  A quokka (D:2)
  4 bats
  2 frilled lizards
  A kobold (D:2)
  5 rats
46 creatures vanquished.
